 Dungeon Crawl Stone Soup version 0.30.0 (webtiles) character file.

Game seed: 7992952945584605180

3068 dialectric the Cleaver (level 9, -2/57 HPs)
             Began as a Gargoyle Fighter on May 6, 2023.
             Killed from afar by a steam dragon (19 damage)
             ... with a ball of steam
             ... on level 7 of the Dungeon.
             The game lasted 00:08:53 (6044 turns).

dialectric the Cleaver (Gargoyle Fighter)           Turns: 6044, Time: 00:08:53

Health: -2/57      AC: 22    Str: 20    XL:     9   Next: 88%
Magic:  9/9        EV: 11    Int: 11    God:
Gold:   1083       SH:  0    Dex: 13    Spells: 8/8 levels left

rFire   . . .        t - +5 war axe of the Moon {protect, rC+ Int+2}
rCold   + + .        (no shield)
rNeg    + . .        I - +0 acid dragon scales
rPois   ∞            (no helmet)
rElec   +            (no cloak)
rCorr   +            d - +0 pair of gloves
SInv    .            (no boots)
Will    .....        h - amulet of the acrobat
Stlth   +            f - ring of protection from cold
HPRegen 0.29/turn    (no ring)
MPRegen 0.11/turn

%: acrobat
@: under a protective aura
A: sickness immunity, AC +6, negative energy resistance 1, electricity
resistance, torment resistance 1, petrification resistance
a: no special abilities


You were on level 7 of the Dungeon.
You visited 1 branch of the dungeon, and saw 7 of its levels.
You also visited: Sewer and Ossuary.

You collected 1265 gold pieces.
You spent 182 gold pieces at shops.

Inventory:

Hand Weapons
 a - the +10 lajatang of Xurafuz {freeze, rC++}
   (You acquired it on level 6 of the Dungeon)

   rC:        It greatly protects you from cold.
 t - the +5 war axe of the Moon (weapon) {protect, rC+ Int+2}
   (You found it on level 2 of the Dungeon)

   Int:       It affects your intelligence (+2).
   rC:        It protects you from cold.
Missiles
 e - 16 poisoned darts (quivered)
 w - a throwing net
Armour
 b - a +0 scale mail
 c - a +0 buckler
 d - a +0 pair of gloves (worn)
 y - a +0 tower shield
 A - a +0 ring mail of positive energy
 I - +0 acid dragon scales (worn)
 O - a +0 plate armour
Jewellery
 f - a ring of protection from cold (left hand)
 h - an amulet of the acrobat (around neck)
 z - an amulet of reflection
Wands
 x - a wand of acid (6)
 F - a wand of flame (10)
 G - a wand of paralysis (13)
 H - a wand of iceblast (3)
 J - a wand of mindburst (8)
 Q - a wand of polymorph (7)
Scrolls
 g - 5 scrolls of poison
 i - 2 scrolls of blinking {unknown}
 k - 5 scrolls of identify
 m - a scroll of enchant armour {unknown}
 n - a scroll of torment {unknown}
 o - 4 scrolls of amnesia {unknown}
 q - 2 scrolls of teleportation
 r - 3 scrolls of fear {unknown}
 u - a scroll of vulnerability {unknown}
 v - a scroll of fog
 D - a scroll of magic mapping {unknown}
 E - a scroll of brand weapon {unknown}
 M - a scroll of enchant weapon {unknown}
Potions
 j - 5 potions of attraction {unknown}
 l - a potion of ambrosia {unknown}
 p - a potion of lignification
 s - 2 potions of curing
 B - 2 potions of haste {unknown}
 C - 2 potions of flight {unknown}
 K - 3 potions of magic {unknown}
 L - 3 potions of might
 N - 2 potions of heal wounds {unknown}
 P - 2 potions of berserk rage {unknown}


   Skills:
 + Level 7.2 Fighting
 + Level 8.3(8.5) Axes
 - Level 2.9(6.9) Maces & Flails
 + Level 3.6(4.1) Staves
 + Level 1.0 Throwing
 + Level 6.7 Armour
 - Level 2.0 Dodging
 - Level 1.1 Stealth
 - Level 3.3 Shields
 + Level 0.8 Evocations


You had 8 spell levels left.
You didn't know any spells.
Your spell library contained the following spells:

 Spells                   Type           Power      Damage    Failure   Level
 Freeze                   Ice            0%         1d3       41%         1
 Frozen Ramparts          Ice            0%         1d1       80%         3
 Hailstorm                Conj/Ice       0%         3d3       80%         3
 Ignite Poison            Fire/Tmut/Pois 0%         N/A       80%         3
 Stone Arrow              Conj/Erth      0%         3d7       80%         3
 Animate Armour           Summ/Erth      0%         N/A       99%         4
 Sticky Flame             Conj/Fire      0%         2d3       99%         4
 Ignition                 Fire           0%         3d3       100%        8
 Lehudib's Crystal Spear  Conj/Erth      0%         10d2      100%        8


Dungeon Overview and Level Annotations

Branches:
Dungeon (7/15)              Sewer (visited)         Ossuary (visited)
 Temple: D:4-7

Altars:
Elyvilon
Hepliaklqana

Shops:
D:1 :*=:*   D:4 [


Innate Abilities, Weirdness & Mutations

You are immune to sickness and miasma.
Your stone body is resilient. (AC +6)
You are immune to poison.
You resist negative energy. (rN+)
You are resistant to electric shocks. (rElec)
You are resistant to unholy torment.
You are immune to petrification.


Message History

Menkaure is heavily damaged.
Menkaure completely misses you. Menkaure barely misses you.
You slash Menkaure!
Menkaure is almost destroyed.
Menkaure misses you.
You hit Menkaure.
You destroy Menkaure!
No target in view!
No target in view!
No target in view!
No target in view!
No target in view!
No target in view!
Something appears at your feet!
Unknown command.
You now have 1083 gold pieces (gained 913).
There is an open door here.
Found a stone staircase leading down.
z - an amulet of reflection A steam dragon comes into view.
The steam dragon hisses angrily.
The steam dragon breathes steam at you. The ball of steam hits you!!
You are engulfed in a cloud of scalding steam.
A wight comes into view. It is wielding a +0 hand axe.
A wight comes into view. It is wielding a +4 hand axe.
You are engulfed in a cloud of scalding steam.
You closely miss the steam dragon.
You are engulfed in a cloud of scalding steam.
* * * LOW HITPOINT WARNING * * *
The steam dragon bites you but does no damage.
The steam dragon barely misses you.
You are too injured to fight recklessly!
You hit the steam dragon.
Your weapon exudes an aura of protection.
The steam dragon is lightly wounded.
You are engulfed in a cloud of scalding steam.
The steam dragon breathes steam at you. The ball of steam hits you!!
You die...

....#..# #...
....#..# #..#
.......## ##..#
........## #..#
..####...####..#
.## ##....#..§#
## ###.....§###
# ##....§§.####
# #..##..@Dz§# #
#..#####.§z....
#..## ##§....
....# .... ###.#
... ### .. .


You could see a steam dragon (catching breath) and 2 wights.

Vanquished Creatures
  Maggie (D:6)
  Sigmund (D:5)
  A yak (D:4)
  Menkaure (D:7)
  Edmund (D:6)
  2 water moccasins
  An ice beast (D:7)
  2 sky beasts (D:6)
  2 ogres
  A centaur (D:6)
  A kobold brigand (D:7)
  2 bullfrogs
  2 water moccasin zombies (Ossuary)
  A gnoll sergeant (D:6)
  5 scorpions
  3 wights (D:7)
  2 howler monkeys (D:7)
  2 gnoll boudas
  2 hounds
  A sleepcap (D:6)
  2 mummies (Ossuary)
  22 gnolls
  8 adders
  3 white imps
  3 adder zombies (Ossuary)
  8 worms
  3 dart slugs
  9 orcs
  4 bats
  15 endoplasms
  8 giant cockroaches
  5 gnoll zombies (Ossuary)
  11 goblins
  6 hobgoblins
  2 jackals (Sewer)
  4 quokkas
  7 ball pythons
  4 frilled lizards
  3 hobgoblin zombies (Ossuary)
  14 kobolds
  3 kobold zombies (Ossuary)
  6 orc zombies (Ossuary)
  5 rats
189 creatures vanquished.

Notes
Turn   | Place    | Note
-------+----------+-------------------------------------------
     0 | D:1      | dialectric the Gargoyle Fighter began the quest for the
                  | Orb.
     0 | D:1      | Reached XP level 1. HP: 14/14 MP: 1/1
   114 | D:1      | Found Mybbat's General Store.
   123 | D:1      | Reached XP level 2. HP: 17/19 MP: 2/2
   202 | D:1      | Found Bixoegum's Book Shop.
   213 | D:1      | Found Bonaleocw's Assorted Antiques.
   260 | D:1      | Found Varhutim's Jewellery Shoppe.
   401 | D:1      | Found Avakh's Book Shop.
   720 | D:1      | Reached XP level 3. HP: 21/24 MP: 3/3
  1116 | D:2      | Reached XP level 4. HP: 29/29 MP: 4/4
  1298 | D:2      | Identified the +5 war axe of the Moon {protect, rC+ Int+2}
  1476 | D:2      | Reached skill level 1 in Dodging
  1691 | D:3      | Reached skill level 1 in Axes
  1729 | D:3      | Reached XP level 5. HP: 14/33 MP: 5/5
  2323 | D:3      | Noticed a water moccasin
  2345 | D:3      | Killed a water moccasin
  2346 | D:3      | Reached skill level 2 in Axes
  2346 | D:3      | Reached XP level 6. HP: 24/39 MP: 6/6
  2708 | D:4      | Reached skill level 3 in Axes
  2943 | D:4      | Found Tourhi's Antique Armour Boutique.
  2951 | D:4      | Bought a shiny ring mail for 182 gold pieces
  3074 | D:4      | Reached XP level 7. HP: 16/44 MP: 7/7
  3252 | D:4      | Reached skill level 4 in Axes
  3339 | D:4      | Found a white marble altar of Elyvilon.
  3694 | D:5      | Entered Level 5 of the Dungeon
  3702 | D:5      | Reached skill level 5 in Fighting
  3702 | D:5      | Reached skill level 5 in Armour
  3743 | D:5      | Noticed Sigmund
  3756 | D:5      | Killed Sigmund
  3757 | D:5      | Reached skill level 5 in Axes
  3757 | D:5      | Reached XP level 8. HP: 43/49 MP: 8/8
  3785 | D:5      | Noticed a yak
  3785 | D:5      | Noticed a yak
  3785 | D:5      | Noticed a yak
  3786 | D:5      | Noticed a yak
  3786 | D:5      | Noticed a yak
  3786 | D:5      | Noticed a yak
  3829 | D:4      | Killed a yak
  4017 | D:5      | Reached skill level 6 in Axes
  4446 | D:6      | Found a glowing drain.
  4486 | D:6      | Reached skill level 7 in Axes
  4486 | D:6      | Reached skill level 1 in Stealth
  4486 | D:6      | Reached XP level 9. HP: 26/55 MP: 9/9
  4617 | Sewer    | Entered a sewer
  4876 | D:6      | Noticed Edmund
  4892 | D:6      | Killed Edmund
  4898 | D:6      | Identified 2 scrolls of acquirement
  4898 | D:6      | Acquired the +10 lajatang of Xurafuz {freeze, rC++}
  5275 | D:6      | Noticed Maggie
  5283 | D:6      | Killed Maggie
  5284 | D:6      | Reached skill level 8 in Axes
  5284 | D:6      | Reached skill level 1 in Staves
  5532 | D:7      | Found a hazy altar of Hepliaklqana.
  5580 | D:7      | Reached skill level 1 in Throwing
  5794 | D:7      | Found a sand-covered staircase.
  5802 | Ossuary  | Entered an ossuary
  5980 | D:7      | Noticed Menkaure
  5986 | D:7      | Killed Menkaure
  5988 | D:7      | Acquired 913 gold pieces
  6044 | D:7      | Killed from afar by a steam dragon

Illustrated notes

Levels and vault maps discovered:
D:1:      dpeg_arrival_shelter, layout_basic, serial_shops, shop, shop,
          nicolae_book_shop_shelving, shop, shop, minmay_pentomino_p2
D:2:      minmay_thinvault, layout_basic, minmay_cupped
D:3:      minmay_evil_eye, layout_basic
D:4:      layout_basic, mainiacjoe_overflow_catwalk, serial_shops, shop
D:5:      layout_cave_pods, nicolae_overflow_quartered_altars,
          uniq_blork_the_orc, uniq_sigmund, uniq_grinder
D:6:      layout_basic, portal_sewer_entry_a, uniq_edmund, uniq_maggie
D:7:      nzn_winding_woodlands_three_and_one
          [nzn_winding_woodlands_5x15_default,
          nzn_winding_woodlands_5x15_garden, nzn_winding_woodlands_5x15_pool,
          nzn_winding_woodlands_center_lodge], layout_layer_cave,
          nicolae_hepliaklqana_hippocampus, minmay_temple_entry_glass,
          nicolae_ossuary_entry_plus, uniq_menkaure

Skill      XL: |  1  2  3  4  5  6  7  8  9 |
---------------+----------------------------+-----
Armour         | 4 5 6 |  6.7
Fighting       | 4 5 6 7 |  7.2
Dodging        | 1 2 |  2.0
Axes           | 1 2 3 5 7 8 |  8.3
Stealth        | 1 |  1.1
Staves         | 3 |  3.6
Throwing       | 1 |  1.0
Maces & Flails | |  2.9
Shields        | |  3.3
Evocations     | |  0.8

Action                     |  1- 3 |  4- 6 |  7- 9 || total
---------------------------+-------+-------+-------++-------
  Melee: Flail             |   114 |    11 |       ||   125
         Punch             |     1 |     1 |     6 ||     8
         War axe           |       |   173 |   200 ||   373
         Lajatang          |       |       |    76 ||    76
  Throw: Dart              |       |       |     7 ||     7
  Evoke: Wand              |       |       |     4 ||     4
    Use: Potion            |       |     1 |     1 ||     2
         Scroll            |       |     2 |     5 ||     7
 Armour: Scale mail        |    61 |    93 |       ||   154
         Ring mail         |       |     2 |    94 ||    96
         Acid dragon scale |       |       |    40 ||    40
         Skin              |       |       |    13 ||    13
  Dodge: Dodged            |    52 |   128 |   202 ||   382
